 Dungeon Crawl Stone Soup version 0.29.1-12-g30fa7ad0bf (webtiles) character file.

Game seed: 8245364053211808113

205 booth the Sneak (level 6, -4/36 HPs)
             Began as a Kobold Brigand on Jan 10, 2023.
             Was an Initiate of Wu Jian.
             Slain by a river rat (6 damage)
             ... on level 4 of the Dungeon.
             The game lasted 00:22:11 (3664 turns).

booth the Sneak (Kobold Brigand)                    Turns: 3664, Time: 00:22:12

Health: -4/36      AC:  5    Str: 14    XL:     6   Next: 9%
Magic:  6/6        EV: 14    Int: 11    God:    Wu Jian [......]
Gold:   100        SH:  0    Dex: 16    Spells: 5/5 levels left

rFire   . . .      SeeInvis .   a - +2 dagger
rCold   . . .      Faith    .   (no shield)
rNeg    . . .      Spirit   .   b - +0 robe
rPois   .          Reflect  .   (no helmet)
rElec   .          Harm     .   c - +0 cloak
rCorr   .          Rampage  .   g - +1 pair of gloves
Will    .....      Rage     3%  (no boots)
Stlth   +++++.....              (no amulet)
HPRegen 0.12/turn               (no ring)
MPRegen 0.10/turn               (no ring)

@: no status effects
A: small, no large weapons, nightstalker 3, berserk 1, strong 1
a: Renounce Religion


You were on level 4 of the Dungeon.
You worshipped Wu Jian.
Wu Jian was noncommittal.
You visited 2 branches of the dungeon, and saw 5 of its levels.

You collected 100 gold pieces.

Inventory:

Hand Weapons
 a - a +2 dagger (weapon)
Missiles
 d - 8 poisoned darts (quivered)
 e - 3 curare-tipped darts
Armour
 b - a +0 robe (worn)
 c - a +0 cloak (worn)
 f - a +0 leather armour
 g - a +1 pair of gloves (worn)
Jewellery
 m - a +6 ring of intelligence
 t - a ring of wizardry
Wands
 q - a wand of flame (36)
 s - a wand of digging (5)
Scrolls
 j - a scroll of fear {unknown}
 n - a scroll of enchant weapon {unknown}
 o - a scroll of teleportation {unknown}
 r - 2 scrolls of fog {unknown}
Potions
 h - a potion of curing
 i - a potion of haste
 k - a potion of resistance {unknown}
 l - a potion of brilliance
 p - a potion of attraction {unknown}


   Skills:
 + Level 2.7 Fighting
 * Level 4.8 Short Blades
 + Level 2.4 Throwing
 + Level 1.9 Dodging
 + Level 7.9 Stealth


You had 5 spell levels left.
You didn't know any spells.
Your spell library contained the following spells:

 Spells                   Type           Power      Damage    Failure   Level
 Magic Dart               Conj           0%         1d3       34%         1
 Slow                     Hex            0%         N/A       34%         1
 Call Imp                 Summ           0%         N/A       47%         2
 Confusing Touch          Hex            0%         N/A       71%         3
 Mephitic Cloud           Conj/Pois/Air  0%         N/A       71%         3
 Vampiric Draining        Necr           0%         2d6       71%         3


Dungeon Overview and Level Annotations

Branches:
Dungeon (4/15)             Temple (1/1) D:4

Altars:
Cheibriados
Gozag
Nemelex Xobeh
Vehumet
Wu Jian


Innate Abilities, Weirdness & Mutations

You are small and have problems with some larger weapons.
You are completely attuned to the shadows.
You sometimes lose your temper in combat.
Your muscles are strong. (Str +4, Int/Dex -1)


Message History

The river rat misses you. The river rat barely misses you.
The river rat attacks as you move away! The river rat misses you.
You see here a scroll of amnesia.
You barely miss the river rat.
The river rat is heavily wounded.
The river rat closely misses you.
The river rat bites you but does no damage.
You hit the river rat.
The river rat is severely wounded.
The river rat barely misses you. The river rat bites you.
You hit the river rat but do no damage.
The river rat is severely wounded.
Throw: 9 darts (poison)
Press: ? - help, Q - select action, (/) - cycle Shift-Dir - straight line, f - river rat
Aim: a river rat (lightly wounded, 58% to hit)
You throw a poisoned dart. The poisoned dart hits the river rat.
The river rat is poisoned.
The river rat is lightly wounded.
The river rat barely misses you. The river rat misses you.
The river rat bites you.
* * * LOW HITPOINT WARNING * * *
The river rat attacks as you move away! The river rat bites you!
* * * LOW HITPOINT WARNING * * *
The river rat attacks as you move away!
The river rat bites you but does no damage.
You feel better.
You closely miss the river rat.
The river rat is severely wounded.
The river rat bites you but does no damage.
The river rat misses you.
You hit the river rat but do no damage.
The river rat is severely wounded.
The river rat looks more healthy.
The river rat bites you.
* * * LOW HITPOINT WARNING * * *
The river rat bites you but does no damage.
You hit the river rat.
You kill the river rat!
The Council accepts your kill. The river rat bites you.
You die...

..8.8.8....#.#
#.#
...........#.#
#.#
.#....######.#
#.#
.#...........#
#.#
#.###########
#.# #.. #.# .#
#.# #.#
#r#####.####
#@†.........
###...(...~.
#.#?....~~
#....~~~~~
###...~+#+
#.~~~# #..~~#
#.~.~# ######


You could see a river rat.

Vanquished Creatures
  An ogre (D:4)
  Terence (D:2)
  3 adders
  2 river rats (D:4)
  A dart slug (D:2)
  An orc (D:3)
  2 bats (D:1)
  4 endoplasms
  10 goblins
  5 hobgoblins
  2 jackals (D:2)
  4 kobolds
  5 quokkas
  5 ball pythons
  5 frilled lizards
  3 rats
54 creatures vanquished.

Notes
Turn   | Place    | Note
-------+----------+-------------------------------------------
     0 | D:1      | booth the Kobold Brigand began the quest for the Orb.
     0 | D:1      | Reached XP level 1. HP: 12/12 MP: 1/1
   201 | D:1      | Reached XP level 2. HP: 18/18 MP: 2/2
   716 | D:1      | Reached skill level 6 in Stealth
   762 | D:1      | Reached XP level 3. HP: 22/22 MP: 3/3
  1212 | D:2      | Noticed Terence
  2033 | D:2      | Reached XP level 4. HP: 22/27 MP: 4/4
  2192 | D:2      | Killed Terence
  2455 | D:3      | Found a sparkling altar of Nemelex Xobeh.
  2662 | D:3      | Found a faded altar of an unknown god.
  3104 | D:3      | Reached skill level 7 in Stealth
  3104 | D:3      | Reached XP level 5. HP: 31/31 MP: 5/5
  3311 | D:3      | Gained mutation: You are weak. (Str -2) [potion of
                  | mutation]
  3311 | D:3      | Lost mutation: You are weak. (Str -2) [potion of mutation]
  3311 | D:3      | Gained mutation: You sometimes lose your temper in combat.
                  | [potion of mutation]
  3311 | D:3      | Gained mutation: Your muscles are strong. (Str +4, Int/Dex
                  | -1) [potion of mutation]
  3402 | D:4      | Noticed an ogre
  3418 | D:4      | Killed an ogre
  3419 | D:4      | Reached XP level 6. HP: 33/36 MP: 6/6
  3517 | D:4      | Found a staircase to the Ecumenical Temple.
  3539 | Temple   | Entered the Ecumenical Temple
  3555 | Temple   | Became a worshipper of the Wu Jian Council
  3664 | D:4      | Slain by a river rat

Illustrated notes

Levels and vault maps discovered:
D:1:      minmay_arrival_hallway, layout_basic
D:2:      layout_basic, st_stairs_3, minmay_tetromino_i4, uniq_terence
D:3:      layout_loops_ring, nemelex_dance_club_becter,
          hellmonk_ecumenical_altar_arch_garden, hangedman_decor_slide_cut
D:4:      layout_basic, minmay_temple_entry_statues_fountains,
          portal_sewer_entry_e
Temple:   nicolae_temple_two_arcs

Skill      XL: |  1  2  3  4 |
---------------+-------------+-----
Short Blades   | 3 4 |  4.8
Stealth        | 6 7 |  7.9
Fighting       | |  2.7
Throwing       | |  2.4
Dodging        | |  1.9

Action                   |  1- 3 |  4- 6 || total
-------------------------+-------+-------++-------
Melee: Dagger            |    67 |    47 ||   114
       Punch             |     1 |     2 ||     3
Throw: Dart              |     6 |     5 ||    11
Invok: Lunge             |       |     2 ||     2
  Use: Scroll            |     2 |     4 ||     6
       Potion            |       |     4 ||     4
 Stab: Sleeping          |    18 |    11 ||    29
Armor: Robe              |     3 |    16 ||    19
Dodge: Dodged            |    20 |    36 ||    56
